 Dungeon Crawl Stone Soup version 0.30-a0-793-g160f7cfddd (webtiles) character file.

Game seed: 14390663877459735293

13120 123456 the Geomancer (level 12, -6/59 HPs)
             Began as a Gargoyle Earth Elementalist on Jan 1, 2023.
             Was an Initiate of Gozag.
             Mangled by a yak (10 damage)
             ... on level 10 of the Dungeon on Feb 19, 2023.
             The game lasted 00:26:33 (11167 turns).

123456 the Geomancer (Gargoyle Earth Elementalist) Turns: 11167, Time: 00:26:33

Health: -6/59      AC: 18    Str: 14    XL:     12   Next: 2%
Magic:  6/26       EV: 12    Int: 19    God:    Gozag
Gold:   1837       SH:  5    Dex: 10    Spells: 24/31 levels left

rFire   + . .      SeeInvis .    q - +9 trident of Xosaih {spect, rF+ rC+ Stlth+}
rCold   + . .      Faith    .    (no shield)
rNeg    + . .      Spirit   .    h - +2 leather armour {rPois}
rPois   ∞          Reflect  +    (no helmet)
rElec   +          Harm     .    (no cloak)
rCorr   .          Rampage  .    j - +2 pair of gloves
Will    .....                    s - +1 pair of boots
Stlth   +++                      t - amulet of reflection
HPRegen 0.29/turn                (no ring)
MPRegen 0.20/turn                (no ring)

@: about to teleport, gold aura
A: sickness immunity, AC +8, negative energy resistance 1, electricity
resistance, torment resistance 1, petrification resistance
a: Renounce Religion, Potion Petition, Call Merchant, Bribe Branch


You were on level 10 of the Dungeon.
You worshipped Gozag.
Gozag was most pleased with you.
You visited 1 branch of the dungeon, and saw 11 of its levels.

You collected 1964 gold pieces.
You spent 26 gold pieces at shops.
You paid 101 gold pieces to Gozag.

Inventory:

Hand Weapons
 m - a +2 rapier
 o - a +1 short sword of freezing
 q - the +9 trident of Xosaih (weapon) {spect, rF+ rC+ Stlth+}
   (You found it on level 5 of the Dungeon)

   rF:        It protects you from fire.
   rC:        It protects you from cold.
   Stlth:     It makes you more stealthy.
Armour
 a - a +0 robe
 h - a +2 leather armour of poison resistance (worn)
 j - a +2 pair of gloves (worn)
 s - a +1 pair of boots (worn)
 z - a +1 scale mail of fire resistance
Jewellery
 g - an amulet of the acrobat
 t - an amulet of reflection (around neck)
Wands
 p - a wand of polymorph (9)
 v - a wand of roots (11)
 E - a wand of mindburst (7)
Scrolls
 c - a scroll of fear
 n - 2 scrolls of immolation
 u - 2 scrolls of identify
 y - 3 scrolls of enchant weapon
 B - a scroll of amnesia
Potions
 b - a potion of magic
 d - 2 potions of flight
 e - a potion of might
 f - a potion of resistance {unknown}
 i - a potion of curing
 k - 3 potions of degeneration {unknown}
 l - 2 potions of ambrosia
 r - a potion of attraction {unknown}
 w - a potion of lignification {unknown}
 C - 2 potions of brilliance {unknown}
 D - a potion of invisibility {unknown}
 G - a potion of haste {unknown}


   Skills:
 + Level 5.9 Polearms
 - Level 3.0 Dodging
 - Level 4.0 Stealth
 * Level 10.0 Spellcasting
 - Level 7.9 Conjurations
 * Level 4.6 Translocations
 - Level 0.7 Transmutations
 + Level 12.7 Earth Magic


You had 24 spell levels left.
You knew the following spells:

 Your Spells              Type           Power      Damage    Failure   Level
a - Sandblast             Erth           100%       2d20      1%          1
b - Stone Arrow           Conj/Erth      98%        3d13      1%          3
c - Gell's Gravitas       Tloc           27%        N/A       4%          3

Your spell library contained the following spells:

 Spells                   Type           Power      Damage    Failure   Level
 Passwall                 Tmut/Erth      29%        N/A       1%          2
 Lesser Beckoning         Tloc           54%        N/A       2%          2
 Teleport Other           Tloc           27%        N/A       4%          3
 Petrify                  Tmut/Erth      35%        N/A       6%          4
 Beastly Appendage        Tmut           24%        N/A       7%          1
 Leda's Liquefaction      Hex/Erth       16%        N/A       7%          4
 Wereblood                Tmut           12%        N/A       11%         2
 Spider Form              Tmut/Pois      10%        N/A       24%         3
 Inner Flame              Hex/Fire       9%         N/A       28%         3
 Cause Fear               Hex            4%         N/A       67%         4
 Summon Forest            Summ/Tloc      9%         N/A       69%         5
 Summon Mana Viper        Hex/Summ       9%         N/A       95%         5
 Summon Cactus Giant      Summ           4%         N/A       100%        6
 Borgnjor's Revivificati  Necr           4%         N/A       100%        8
 Discord                  Hex            4%         N/A       100%        8
 Lehudib's Crystal Spear  Conj/Erth      24%        10d7      100%        8
 Shatter                  Erth           27%        3d23*     100%        9


Dungeon Overview and Level Annotations

Branches:
Dungeon (11/15)            Temple (0/1) D:7            Lair (0/5) D:10
    Orc (0/2) D:11

Altars:
Elyvilon
Gozag

Shops:
D:1 *   D:5 (   D:7 :

Annotations:
D:3 3 runed translucent doors, oldplebian's ghost, amateur MiBe
D:7 2 transporters, barkas's ghost, novice AtCA


Innate Abilities, Weirdness & Mutations

You are immune to sickness and miasma.
Your stone body is resilient. (AC +8)
You are immune to poison.
You resist negative energy. (rN+)
You are resistant to electric shocks. (rElec)
You are resistant to unholy torment.
You are immune to petrification.


Message History

Confirm with . or Enter, or press ? or * to list all spells.
Aiming: Stone Arrow (safe; 1% risk of failure)
Press: ? - help, Shift-Dir - straight line, f/p - yak
Aim: a yak (almost dead, 85% to hit)
The stone arrow hits the yak!!
You kill the yak!
The yak gores you! x2
Unknown command.
Casting: Stone Arrow (safe; 1% risk of failure)
Confirm with . or Enter, or press ? or * to list all spells.
Aiming: Stone Arrow (safe; 1% risk of failure)
Press: ? - help, Shift-Dir - straight line, f - yak
Aim: a yak (lightly wounded, 85% to hit)
The stone arrow hits the yak!!
The yak is heavily wounded.
The yak barely misses you. The yak gores you. You block the yak's attack.
Unknown command.
Casting: Stone Arrow (safe; 1% risk of failure)
Confirm with . or Enter, or press ? or * to list all spells.
Aiming: Stone Arrow (safe; 1% risk of failure)
Press: ? - help, Shift-Dir - straight line, f/p - yak
Aim: a yak (heavily wounded, 85% to hit)
The stone arrow hits the yak!
The yak is almost dead.
The yak gores you but does no damage. The yak gores you!
* * * LOW HITPOINT WARNING * * *
The yak gores you.
* * * LOW HITPOINT WARNING * * *
Unknown command.
As you read the scroll of teleportation, it crumbles to dust.
You feel strangely unstable. The yak barely misses you. The yak gores you.
* * * LOW HITPOINT WARNING * * *
The yak gores you but does no damage.
The air fills with toxic fumes!
As you read the scroll of poison, it crumbles to dust.
The yak gores you.
* * * LOW HITPOINT WARNING * * *
The yak gores you!
You die...
Your body crumbles into a pile of gold.

.....# .....# #####
....§# #####§§§. ...§§#
..§§§§§§## ..§§§+
.≈≈≈§§§§§##.§§§§#
####§§Y#§§§§§#
###.#)##@YY§§§§#
#.#.)##§§Y§§§§§#
#.....#§§§§##+##
#.#####§§§§# ..#
#.######.#≈≈≈§§§§§# #.#
.........#≈≈§§§§§§# #.#
#.######.#≈≈§§§§§§#
#.#########
#.###§§§§§§###.........+
#...##≈≈≈..##...########


You could see 4 yaks.

Vanquished Creatures
  A hydra (D:9)
  A tengu warrior (D:9)
  3 two-headed ogres
  A skeletal warrior (D:9)
  3 cyclopes (D:9)
  2 ugly things (D:9)
  A rime drake (D:10)
  A troll (D:9)
  A hornet (D:9)
  Prince Ribbit (D:6)
  A shadow (D:10)
  A wraith (D:9)
  2 wyverns
  2 steam dragons
  9 yaks
  Menkaure (D:6)
  A water moccasin (D:6)
  5 ice beasts
  A black bear (D:7)
  6 orc warriors
  3 sky beasts
  2 ogres
  A wolf (D:10)
  4 centaurs
  3 kobold brigands
  6 bullfrogs
  A gnoll sergeant (D:8)
  6 scorpions
  11 wights
  A killer bee (D:9)
  4 howler monkeys
  4 hounds
  A jelly (D:6)
  5 orc priests
  An iguana (D:6)
  8 orc wizards
  8 gnolls (D:8)
  7 adders
  5 white imps
  2 worms
  3 dart slugs
  31 orcs
  4 bats
  6 endoplasms
  5 giant cockroaches
  6 goblins
  2 hobgoblins
  3 jackals (D:4)
  7 quokkas
  4 ball pythons
  2 frilled lizards
  16 kobolds
  5 rats
221 creatures vanquished.

Vanquished Creatures (others)
  A kobold brigand (D:9)
1 creature vanquished.

Grand Total: 222 creatures vanquished

Notes
Turn   | Place    | Note
-------+----------+-------------------------------------------
     0 | D:1      | 123456 the Gargoyle Earth Elementalist began the quest for
                  | the Orb.
     0 | D:1      | Reached XP level 1. HP: 10/10 MP: 3/3
   129 | D:1      | Reached XP level 2. HP: 15/15 MP: 0/5
   197 | D:1      | Found Omioxun's General Store.
   220 | D:1      | Bought a scroll of identify for 26 gold pieces
   220 | D:1      | Upgraded the game from 0.30-a0-585-g93115170b9 to
                  | 0.30-a0-715-gdb4ae3ece1
   364 | D:1      | Reached skill level 4 in Earth Magic
   419 | D:1      | Upgraded the game from 0.30-a0-715-gdb4ae3ece1 to
                  | 0.30-a0-793-g160f7cfddd
   561 | D:1      | Reached XP level 3. HP: 19/19 MP: 2/6
   565 | D:1      | Learned a level 3 spell: Stone Arrow
   919 | D:2      | Reached XP level 4. HP: 24/24 MP: 3/8
  1691 | D:2      | Reached skill level 1 in Conjurations
  2119 | D:3      | Reached XP level 5. HP: 28/28 MP: 7/9
  2321 | D:3      | Identified the +7 short sword "Ukhel" {flame, Fly rC- rCorr
                  | SInv}
  2321 | D:3      | Identified the +0 scale mail "Nocios" {rN+ Will+}
  2322 | D:3      | Found a runed translucent gate.
  2323 | D:3      | Found a runed translucent gate.
  2324 | D:3      | Found a runed translucent gate.
  2326 | D:3      | Noticed oldplebian's ghost (amateur MiBe)
  2505 | D:4      | Noticed an ogre
  2509 | D:4      | Killed an ogre
  2510 | D:4      | Reached skill level 5 in Earth Magic
  2568 | D:4      | Found a white marble altar of Elyvilon.
  2639 | D:4      | Reached XP level 6. HP: 32/32 MP: 8/11
  3134 | D:4      | Found an opulent altar of Gozag.
  3143 | D:4      | Became a worshipper of Gozag Ym Sagoz the Greedy
  3346 | D:5      | Entered Level 5 of the Dungeon
  3624 | D:5      | Reached skill level 6 in Earth Magic
  3624 | D:5      | Reached XP level 7. HP: 19/36 MP: 3/13
  3776 | D:5      | Identified the +9 trident of Xosaih {spect, rF+ rC+ Stlth+}
  3777 | D:5      | Found Tefutoiv's Weapon Shop.
  4621 | D:6      | Noticed Prince Ribbit
  4637 | D:6      | Killed Prince Ribbit
  4638 | D:6      | Reached skill level 5 in Spellcasting
  4638 | D:6      | Reached skill level 7 in Earth Magic
  4638 | D:6      | Reached XP level 8. HP: 20/41 MP: 12/15
  5021 | D:6      | Noticed Menkaure
  5028 | D:6      | Killed Menkaure
  5318 | D:6      | Reached skill level 8 in Earth Magic
  5806 | D:7      | Reached skill level 1 in Polearms
  5952 | D:7      | Reached XP level 9. HP: 45/45 MP: 18/18
  5970 | D:7      | Found a staircase to the Ecumenical Temple.
  6135 | D:7      | Noticed barkas's ghost (novice AtCA)
  6151 | D:7      | Reached skill level 9 in Earth Magic
  6306 | D:7      | Found Isehemor's Tremendous Tomes.
  6368 | D:7      | Found a transporter.
  6419 | D:7      | Reached skill level 5 in Conjurations
  6715 | D:7      | Found a transporter.
  6862 | D:8      | You fall into a shaft and drop 3 floors!
  6869 | D:11     | Found a staircase to the Orcish Mines.
  6907 | D:10     | Entered Level 10 of the Dungeon
  6924 | D:10     | Noticed a two-headed ogre
  6930 | D:10     | Killed a two-headed ogre
  6931 | D:10     | Reached skill level 10 in Earth Magic
  7045 | D:10     | Reached XP level 10. HP: 14/50 MP: 5/21
  7175 | D:10     | Found a staircase to the Lair.
  7390 | D:9      | Noticed a skeletal warrior
  7398 | D:9      | Noticed a cyclops
  7400 | D:9      | Killed a skeletal warrior
  7401 | D:9      | Reached skill level 11 in Earth Magic
  7401 | D:9      | Noticed a tengu warrior
  7401 | D:9      | Noticed a cyclops
  7401 | D:9      | Noticed a purple ugly thing
  7402 | D:9      | Noticed a cyclops
  7446 | D:9      | Noticed a two-headed ogre
  7452 | D:9      | Killed a two-headed ogre
  7569 | D:8      | Noticed a two-headed ogre
  7578 | D:8      | Killed a two-headed ogre
  7989 | D:8      | Learned a level 3 spell: Gell's Gravitas
  8218 | D:8      | Reached XP level 11. HP: 54/54 MP: 21/23
  8290 | D:8      | Reached skill level 1 in Translocations
  9194 | D:9      | Reached skill level 12 in Earth Magic
  9201 | D:9      | Killed a tengu warrior
  9322 | D:9      | Noticed a green ugly thing
  9324 | D:9      | Killed a purple ugly thing
  9325 | D:9      | Reached skill level 5 in Polearms
  9334 | D:9      | Killed a green ugly thing
  9494 | D:9      | HP: 2/54 [wraith (8)]
  9619 | D:9      | Identified a scroll of acquirement
  9619 | D:9      | Acquired Reedeowa's Volume of the Gargoyle and Stolen Souls
  9906 | D:9      | Noticed a five-headed hydra
  9909 | D:9      | Killed a five-headed hydra
 10129 | D:9      | Killed a cyclops
 10586 | D:9      | Killed a cyclops
 10682 | D:9      | Killed a cyclops
 10683 | D:9      | Reached skill level 10 in Spellcasting
 11157 | D:10     | Reached XP level 12. HP: 43/59 MP: 26/26
 11167 | D:10     | Mangled by a yak

Illustrated notes

Levels and vault maps discovered:
D:1:      erik_arrival_triangle_medium, layout_rooms, serial_shops, shop,
          chequers_serial_rivers_small_b, minmay_worlds_worst_comb
D:2:      layout_rooms
D:3:      minmay_chambers_of_threes, layout_loops_ring,
          biasface_ghost_orc_armoury, corexii_item_surrounded_by_moat,
          lemuel_flame_loot_1
D:4:      layout_gridville, mainiacjoe_overflow_large_starburst, serial_glass,
          glass_columns_c, glass_columns_c, glass_columns_c, glass_columns_b,
          glass_columns_a, glass_columns_c, glass_columns_a, glass_columns_a,
          glass_columns_a, glass_columns_a, glass_columns_a, glass_columns_b,
          glass_columns_a, glass_columns_c, item_on_display_a,
          minmay_strange_pillars
D:5:      layout_basic, serial_shops, shop
D:6:      layout_layer_cave, serial_co_window_serial, co_window_corner_a,
          co_window_corner_a, co_window_paths_a, co_window_of_opportunity_a,
          co_window_paths_a, co_window_unsneaky_path_d,
          co_window_unsneaky_path_e, co_window_corner_b, co_window_corner_cb,
          co_window_broadway_b, co_window_4corner_a, glass_columns_a,
          glass_columns_a, glass_columns_a, uniq_menkaure, uniq_prince_ribbit1
D:7:      wad_crossroads, layout_basic, minmay_temple_entry_antechambers,
          gammafunk_ghost_arena, nicolae_shop_i_like_big_books
D:8:      layout_layer_cave, kennysheep_big_empty_room
D:9:      minmay_the_grid_net [minmay_the_grid_paths,
          minmay_the_grid_holed_spiral, minmay_the_grid_odd_star,
          minmay_the_grid_embedded, minmay_the_grid_mess,
          minmay_the_grid_prize_big_room], layout_basic
D:10:     layout_roguey, hellmonk_lair_entry_icy, grunt_decor_junction
D:11:     layout_layer_cave, minmay_orc_entry_temple_small, corner_web_ring

Skill      XL: |  1  2  3  4  5  6  7  8  9 10 11 |
---------------+----------------------------------+-----
Earth Magic    | 4 5 6 7 8 10 11 12 | 12.7
Dodging        | 2 3 |  3.0
Stealth        | 3 4 |  4.0
Spellcasting   | 3 4 5 6 7 8 10 | 10.0
Conjurations   | 1 2 3 4 5 7 |  7.9
Polearms       | 1 3 4 5 |  5.9
Translocations | 4 |  4.6
Transmutations | |  0.7

Action                     |  1- 3 |  4- 6 |  7- 9 | 10-12 || total
---------------------------+-------+-------+-------+-------++-------
  Melee: Dagger            |     1 |       |       |       ||     1
         Rapier            |       |     5 |       |       ||     5
         Short sword       |       |     8 |       |       ||     8
         Trident           |       |       |    44 |   109 ||   153
         Punch             |       |       |     1 |     2 ||     3
   Cast: Sandblast         |    37 |    90 |    42 |    34 ||   203
         Stone Arrow       |     1 |     3 |    24 |    77 ||   105
         Gell's Gravitas   |       |       |       |     6 ||     6
    Use: Scroll            |     3 |     2 |     4 |    14 ||    23
         Potion            |       |       |     2 |     4 ||     6
   Stab: Sleeping          |       |       |     5 |       ||     5
 Armour: Robe              |     4 |    43 |       |       ||    47
         Leather armour    |       |       |    24 |    50 ||    74
  Dodge: Dodged            |     9 |    60 |    30 |    81 ||   180
  Block: Other             |       |       |    14 |    37 ||    51
         Reflection        |       |       |       |     8 ||     8

Table legend: (Time is in decaauts)
 A = Elapsed time spent in this place.
 B = Non-inter-level travel time spent in this place.
 C = Inter-level travel time spent in this place.
 D = Time resting spent in this place.
 E = Time spent auto-exploring this place.
 F = Levels seen in this place.
 G = Mean time per level.
                   A        B        C        D        E       F      G
               +--------+--------+--------+--------+--------+-----+--------+
         Total |  11291 |  10960 |    331 |   1129 |   8211 |  11 | 1026.5 |
       Dungeon |  11291 |  10960 |    331 |   1129 |   8211 |  11 | 1026.5 |
               +--------+--------+--------+--------+--------+-----+--------+

Top non-repeatable levels by time:
     D:9: 1939 daAuts
     D:8: 1779 daAuts
     D:6: 1687 daAuts
     D:7: 1045 daAuts
     D:4: 880 daAuts
     D:1: 878 daAuts
     D:2: 842 daAuts
     D:3: 794 daAuts
     D:5: 788 daAuts
    D:10: 610 daAuts
    D:11: 44 daAuts
